 Dungeon Crawl Stone Soup version 0.21-a0-584-g185da8e (webtiles) character file.

176 Amnesiac the Insei (level 5, -1/36 HPs)
             Began as an Octopode Transmuter on Dec 20, 2017.
             Slain by a wraith (6 damage)
             ... in an ossuary.
             The game lasted 00:06:02 (3883 turns).

Amnesiac the Insei (Octopode Transmuter)            Turns: 3883, Time: 00:06:03

Health: -1/36      AC:  1    Str: 10 (13) XL:     5   Next: 56%
Magic:  8/8        EV: 14    Int: 13 (15) God:
Gold:   157        SH:  0    Dex: 13 (14) Spells: 2/8 levels left

rFire    . . .     SeeInvis .     - Unarmed
rCold    + . .     Gourm    .   (no shield)
rNeg     . . .     Faith    .   (helmet restricted)
rPois    .         Spirit   .   (no amulet)
rElec    .         Reflect  .   q - ring of protection from cold
rCorr    .         Harm     .   (no ring)
MR       .....     Clarity  +   (no ring)
Stlth    ++........             (no ring)
HPRegen  0.00/turn              (no ring)
MPRegen  0.11/turn              (no ring)
                                (no ring)
                                (no ring)

@: slowed, very slow
A: almost no armour, stealthy swim, amphibious, 8 rings, constrict 8, camouflage
1, clarity, inhibited regeneration, strong 2, gelatinous body 1
a: no special abilities


You were in an ossuary.
You were not hungry.

You visited 1 branch of the dungeon, and saw 4 of its levels.
You also visited: Ossuary.

You collected 157 gold pieces.

Inventory:

Missiles
 a - 31 arrows
 n - 98 stones (quivered)
Jewellery
 q - a ring of protection from cold (left tentacle)
Wands
 r - a wand of digging (14)
Scrolls
 d - a scroll of identify {!r}
 f - a scroll of magic mapping {!r}
 j - 4 scrolls of remove curse {!r}
 o - 2 scrolls of fog {!r}
 p - a scroll of immolation {!r}
 t - a scroll of enchant weapon {!r}
Potions
 g - 2 potions of cancellation {!q}
 h - a potion of flight {!q}
 i - a potion of resistance {!q}
 s - 3 potions of brilliance {!q}
Books
 b - a book of Changes

   Spells                             Type                      Level
   a - Beastly Appendage              Transmutation                1
   b - Sticks to Snakes               Transmutation                2
   c - Spider Form                    Transmutation/Poison         3
   d - Ice Form                       Ice/Transmutation            4
   e - Blade Hands                    Transmutation                5
Comestibles
 c - 12 rations


   Skills:
 + Level 3.0 Fighting
 + Level 2.8 Dodging
 * Level 4.0 Unarmed Combat
 - Level 2.0 Spellcasting
 + Level 2.7 Transmutations
 + Level 1.6 Poison Magic


You had 2 spell levels left.
You knew the following spells:

 Your Spells              Type           Power        Failure   Level  Hunger
a - Beastly Appendage     Tmut           #.....       9%          1    ##.....
b - Sticks to Snakes      Tmut           #.......     13%         2    ###....
c - Spider Form           Tmut/Pois      #.........   30%         3    ####...


Dungeon Overview and Level Annotations

Branches:
Dungeon (4/15)
 Temple: D:4-7

Altars:
Gozag
Sif Muna
Trog
Zin


Innate Abilities, Weirdness & Mutations

You cannot wear most types of armour.
You are very stealthy in the water. (Stealth+)
You are amphibious.
You can wear up to eight rings at the same time.
You can use your tentacles to constrict eight enemies at once.
Your skin changes colour to match your surroundings (Stealth+).
Your rubbery body absorbs attacks. (AC +1, EV +1)
You possess an exceptional clarity of mind.
You do not regenerate when monsters are visible.
Your muscles are very strong. (Str +4)


Message History

A wraith opens the gate.
You close the gate.
A wraith opens the gate.
You close the gate.
A wraith opens the gate.
You close the gate.
A wraith opens the gate.
You close the gate.
A wraith opens the gate.
You close the gate.
A wraith opens the gate.
As you close the gate, it creaks loudly!
A wraith opens the gate.
You close the gate.
A wraith opens the gate.
As you close the gate, it creaks loudly!
A wraith opens the gate.
You close the gate.
A wraith opens the gate.
You close the gate.
A wraith opens the gate.
You close the gate.
A wraith opens the gate.
You close the gate.
A wraith opens the gate.
You close the gate.
A wraith opens the gate.
As you close the gate, it creaks loudly!
A wraith opens the gate.
You close the gate.
A wraith opens the gate.
You close the gate.
A wraith opens the gate.
You close the gate.
A wraith opens the gate.
As you close the gate, it creaks loudly!
A wraith opens the gate.
You close the gate.
A wraith opens the gate.
As you close the gate, it creaks loudly!
A wraith opens the gate.
You close the gate.
A wraith opens the gate.
You close the gate.
A wraith opens the gate.
You close the gate.
A wraith opens the gate.
You close the gate.
A wraith opens the gate.
You close the gate.
A wraith opens the gate.
You close the gate.
A wraith opens the gate.
You close the gate.
A wraith opens the gate.
You close the gate.
A wraith opens the gate.
There's a creature in the gateway!
There's a creature in the gateway!
There's a creature in the gateway!
There's a creature in the gateway!
There's a creature in the gateway!
There's a creature in the gateway!
There's a creature in the gateway!
There's a creature in the gateway!
There's a creature in the gateway!
There's a creature in the gateway!
There's a creature in the gateway!
There's a creature in the gateway!
There's a creature in the gateway!
There's a creature in the gateway!
There's a creature in the gateway!
There's a creature in the gateway!
There's a creature in the gateway!
There's a creature in the gateway!
There's a creature in the gateway!
The wraith hits you!
* * * LOW HITPOINT WARNING * * *
The wraith drains your vigour!
You feel yourself slow down.
There is an open gate here.
A spear shoots out and misses you.
There is a spear trap here.
Okay, then.
Okay, then.
A spear hits the wraith!
The wraith barely misses you. The wraith hits you.
You die...

.####......###......####..#
......^...................#
...................^......#
.#.#..#.#..#.#..#.#^.#.#..#
.#'#..#'#..#+#..#'#..#'#..#
.#.#..#.#..#,#..#.#..#.#.^#
.###..###..###..###..###..#
.....^....................#
.............^.W@.........#
###########'''#############
##...## ##.....##
####.......####
#W#...∩.∩...#W#
####.......#### ##.....##
##...##


You could see a wraith.

Vanquished Creatures
  A worker ant (D:3)
  3 mummies (Ossuary)
  An adder (D:2)
  2 oozes
  3 dart slugs
  A leopard gecko (D:1)
  9 orcs (D:3)
  6 bats
  15 giant cockroaches
  6 goblins
  6 hobgoblins
  2 jackals (D:2)
  5 frilled lizards
  2 gnoll zombies (Ossuary)
  8 hobgoblin zombies (Ossuary)
  2 kobolds (D:3)
  2 kobold zombies (Ossuary)
  An orc zombie (Ossuary)
  10 rats
85 creatures vanquished.

Notes
Turn   | Place    | Note
-------+----------+-------------------------------------------
     0 | D:1      | Amnesiac the Octopode Transmuter began the quest for the Orb.
     0 | D:1      | Reached XP level 1. HP: 13/13 MP: 3/3
    86 | D:1      | Reached XP level 2. HP: 12/19 MP: 5/5
    90 | D:1      | Learned a level 2 spell: Sticks to Snakes
   436 | D:1      | Reached XP level 3. HP: 17/25 MP: 6/6
   841 | D:1      | Learned a level 3 spell: Spider Form
  1161 | D:2      | Found an opulent altar of Gozag.
  1571 | D:2      | Found a deep blue altar of Sif Muna.
  1776 | D:3      | Reached XP level 4. HP: 27/30 MP: 7/7
  2181 | D:3      | Found a bloodstained altar of Trog.
  2349 | D:3      | Reached skill level 1 in Poison Magic
  2349 | D:3      | Reached XP level 5. HP: 14/36 MP: 8/8
  2755 | D:3      | Found a glowing silver altar of Zin.
  2927 | D:4      | Found a sand-covered staircase.
  2938 | Ossuary  | Entered an ossuary
  2938 | Ossuary  | Noticed a wraith
  2938 | Ossuary  | Noticed a wraith
  2938 | Ossuary  | Noticed a wraith
  3131 | Ossuary  | Reached skill level 4 in Unarmed Combat
  3582 | Ossuary  | Noticed a wraith
  3773 | Ossuary  | Gained mutation: Your spells are a little harder to cast, but a little more powerful. [potion of mutation]
  3773 | Ossuary  | Gained mutation: You are weak. (Str -2) [potion of mutation]
  3773 | Ossuary  | Gained mutation: You do not regenerate when monsters are visible. [potion of mutation]
  3773 | Ossuary  | Gained mutation: You have an increased reservoir of magic. (+10% MP) [potion of mutation]
  3774 | Ossuary  | Lost mutation: Your spells are a little harder to cast, but a little more powerful. [potion of mutation]
  3774 | Ossuary  | Lost mutation: You are weak. (Str -2) [potion of mutation]
  3774 | Ossuary  | Lost mutation: You have an increased reservoir of magic. (+10% MP) [potion of mutation]
  3774 | Ossuary  | Gained mutation: Your muscles are strong. (Str +2) [potion of mutation]
  3774 | Ossuary  | Gained mutation: Your muscles are very strong. (Str +4) [potion of mutation]
  3774 | Ossuary  | Gained mutation: You possess an exceptional clarity of mind. [potion of mutation]
  3883 | Ossuary  | Slain by a wraith

Vault maps used:
D:1:      dpeg_arrival_shelter
D:2:      nicolae_gozag_seed_capital, lemuel_blue_sif_altar
D:3:      minmay_roachtagon, bloody_trog, zin_academy
D:4:      kiku_gazebo_pond_becter, minmay_temple_entry_glassed_door,
          nicolae_ossuary_entry_plus, portal_sewer_entry_f, minivault_19
Ossuary:  ossuary_kennysheep_city_of_the_dead

Skill      XL: |  1  2  3  4  5 |
---------------+----------------+-----
Fighting       | 2 3 |  3.0
Poison Magic   | 1 |  1.6
Unarmed Combat | 4 |  4.0
Dodging        | |  2.8
Spellcasting   | |  2.0
Transmutations | |  2.7

Action                   |  1- 3 |  4- 6 || total
-------------------------+-------+-------++-------
Melee: Unarmed           |    94 |   148 ||   242
       Constrict         |    25 |    46 ||    71
       Tentacles         |    16 |    32 ||    48
       Punch             |     2 |     3 ||     5
 Cast: Sticks to Snakes  |       |     3 ||     3
       Spider Form       |       |     2 ||     2
  Use: Scroll            |     4 |     6 ||    10
       Potion            |       |     7 ||     7
 Stab: Sleeping          |     8 |     4 ||    12
  Eat: Chunk             |     3 |     4 ||     7
       Ration            |       |     1 ||     1
Armor: Skin              |    12 |    10 ||    22
Dodge: Dodged            |    62 |   102 ||   164

Table legend:
 A = Spawn XP
 B = Non-spawn XP
 C = Spawn XP percentage of total XP
 D = Spawn monster count
 E = Non-spawn monster count
 F = Spawn count percentage of total count
 G = Total turns spent on level
                    A         B        C        D         E        F      G
               +---------+---------+-------+---------+---------+-------+---------
         Total |       0 |     252 |   0.0 |       0 |      85 |   0.0 |  3883
               +---------+---------+-------+---------+---------+-------+---------
           D:1 |       0 |      38 |   0.0 |       0 |      16 |   0.0 |   842
           D:2 |       0 |      39 |   0.0 |       0 |      16 |   0.0 |   864
           D:3 |       0 |     107 |   0.0 |       0 |      36 |   0.0 |  1183
           D:4 |       0 |       2 |   0.0 |       0 |       1 |   0.0 |    49
       Ossuary |       0 |      66 |   0.0 |       0 |      16 |   0.0 |   945
               +---------+---------+-------+---------+---------+-------+---------
